 Dungeon Crawl Stone Soup version 0.19.1 (webtiles) character file.

2452 zeroDi the Covert (level 9, -4/42 HPs)
             Began as a Vine Stalker Assassin on Dec 11, 2016.
             Slain by Joseph
             ... wielding a +0 quarterstaff
              (12 damage)
             ... on level 7 of the Dungeon.
             The game lasted 00:20:43 (5182 turns).

zeroDi the Covert (Vine Stalker Assassin)           Turns: 5182, Time: 00:20:44

Health: -4/42      AC:  5    Str: 15    XL:     9   Next: 50%
Magic:  0/10       EV: 15    Int: 11    God:
Gold:   352        SH:  0    Dex: 18    Spells: 0 memorised, 8 levels left

rFire  . . .     SeeInvis .     a - +1 dagger (elec)
rCold  . . .     Gourm    .     c - +0 robe
rNeg   + . .     Faith    .     (no shield)
rPois  .         Spirit   +     x - +1 helmet
rElec  .         Reflect  .     d - +0 cloak
rCorr  .         Harm     .     (no gloves)
MR     +....                    (no boots)
Stlth  +++++.....               (no amulet)
                                (no ring)
                                H - ring of positive energy

@: no status effects
A: fangs 3, regeneration 1, magic shield, antimagic bite, no device heal 3, rot
immunity
a: no special abilities


You were on level 7 of the Dungeon.
You were hungry.

You visited 2 branches of the dungeon, and saw 8 of its levels.

You collected 352 gold pieces.


Innate Abilities, Weirdness & Mutations

You have razor-sharp teeth.
Your natural rate of healing is unusually fast.
When hurt, damage is shared between your health and your magic reserves.
Your bite disrupts and absorbs the magic of your enemies.
Potions and wands cannot restore your health.
You are immune to rotting.


   Skills:
 - Level 1.7 Fighting
 * Level 6.9 Short Blades
 + Level 3.4 Throwing
 + Level 5.0 Dodging
 + Level 10.7 Stealth


You had 8 spell levels left.
You didn't know any spells.

Inventory:

Hand Weapons
 a - a +1 dagger of electrocution (weapon)
 b - a +0 blowgun
 p - a +2 dagger
 v - a +0 rapier
 y - a +3 quarterstaff
 J - the +1 hand axe of Gext {venom, +Blink rElec}
   (You found it on level 6 of the Dungeon)

   It poisons the flesh of those it strikes.
   It insulates you from electricity.
   It lets you blink.
Missiles
 e - 12 poisoned needles
 i - 6 javelins (quivered)
Armour
 c - a +0 robe (worn)
 d - a +0 cloak (worn)
 x - a +1 helmet (worn)
Jewellery
 H - a ring of positive energy (left hand)
Wands
 n - a wand of confusion (9/48)
 G - a wand of teleportation (5/9) {!d@v4}
Scrolls
 h - a scroll of teleportation {@r4}
 k - 3 scrolls of remove curse
 r - 2 scrolls of magic mapping
 E - a scroll of amnesia
Potions
 m - a potion of agility {unknown}
 s - 3 potions of curing {unknown}
 t - 2 potions of ambrosia {unknown}
 u - a potion of haste {unknown}
 w - 2 potions of brilliance
 z - 2 potions of degeneration {unknown}
 A - a potion of cancellation {unknown}
 B - a potion of resistance {unknown}
 C - a potion of heal wounds {unknown}
 F - a potion of invisibility
Comestibles
 f - 2 chunks of flesh
 g - 7 bread rations
 l - 11 fruits
 q - a meat ration
 I - a slice of pizza

Dungeon Overview and Level Annotations

Branches:
Dungeon (7/15)             Temple (1/1) D:4

Altars:
Ashenzari
Cheibriados
Dithmenos
Elyvilon
Gozag
Hepliaklqana
Kikubaaqudgha
Makhleb
Nemelex Xobeh
Qazlal
Sif Muna
Trog
Vehumet
Xom
Yredelemnul
Zin
The Shining One

Shops:
D:6 ?

Annotations:
D:7 Joseph

.. ..............
.. .##.#....#.$..##
#.. .#.#.#....... .
#..
...........####.#..
#.#...#..# #....#.#
#.###.#.(# #.. ....
#..)..(.(# .. #.#
#.#.(.<#.#.#..#.#.o
#(@@...#.#....(..<#
#.#....#$#.####.###
#.#....#.# .. .
#.#....#.# ## #
#.######.. #.# ##
#.. ...


You could see Joseph.


Message History

a dagger; 2 javelins; a battleaxe; a chain mail Really attack while wielding your +0 blowgun? [Y]es or [N]o only, please.
Really attack while wielding your +0 blowgun?
Okay, then.
You hear the crackle of electricity.
a - a +1 dagger of electrocution (weapon)
Joseph unwields an uncursed hunting sling.
Joseph wields an uncursed quarterstaff.
Joseph barely misses you.
You are too injured to fight recklessly!
You closely miss Joseph.
Joseph is lightly wounded.
You hit Joseph. You bite Joseph, but do no damage.
Joseph is lightly wounded.
Joseph hits you with an uncursed quarterstaff!
* * * LOW HITPOINT WARNING * * *
You barely miss Joseph. Your bite misses Joseph.
Joseph is lightly wounded.
Joseph hits you with an uncursed quarterstaff!
You die...

Action                   |  1- 3 |  4- 6 |  7- 9 || total
-------------------------+-------+-------+-------++-------
Melee: Dagger            |    69 |   101 |   212 ||   382
       Bite              |    19 |    25 |    65 ||   109
 Fire: Blowgun           |     6 |     4 |    15 ||    25
Throw: Tomahawk          |       |     1 |     2 ||     3
       Javelin           |       |       |     4 ||     4
  Use: Scroll            |       |     9 |     6 ||    15
 Stab: Sleeping          |     8 |     7 |     9 ||    24
       Distracted        |     2 |       |     1 ||     3
  Eat: Chunk             |     2 |     5 |     6 ||    13
Armor: Robe              |    14 |    13 |    21 ||    48
Dodge: Dodged            |    32 |    46 |    85 ||   163

Vault maps used:
D:1:      dpeg_arrival_houses_and_road
D:2:      uniq_jessica, uniq_robin
D:3:      due_unseen_surprise
D:4:      nrook_mini_backslash, uniq_natasha
D:5:      kennysheep_little_box, first_bread, grunt_ministairs_11,
          kennysheep_small_spiral, st_stairs_8, uniq_grinder, uniq_menkaure
D:6:      serial_shops, kennysheep_mini_moat, minmay_misc_feat_columns,
          uniq_pikel
D:7:      uniq_joseph
Temple:   nicolae_temple_elliptical

Notes
Turn   | Place    | Note
-------+----------+-------------------------------------------
     0 | D:1      | zeroDi the Vine Stalker Assassin began the quest for the Orb.
     0 | D:1      | Reached XP level 1. HP: 11/11 MP: 2/2
    21 | D:1      | Reached skill level 2 in Short Blades
   335 | D:1      | Reached skill level 5 in Stealth
   356 | D:1      | Reached XP level 2. HP: 15/15 MP: 3/3
   525 | D:1      | Reached skill level 1 in Dodging
   614 | D:1      | Reached XP level 3. HP: 17/18 MP: 4/4
  1450 | D:2      | Noticed Jessica
  1457 | D:2      | Killed Jessica
  1457 | D:2      | Reached skill level 6 in Stealth
  1457 | D:2      | Gained mutation: Your natural rate of healing is unusually fast. [Vine Stalker growth]
  1457 | D:2      | Reached XP level 4. HP: 18/23 MP: 5/5
  1917 | D:2      | Noticed Robin
  1936 | D:2      | Killed Robin
  2003 | D:3      | Noticed a centaur
  2006 | D:3      | Killed a centaur
  2006 | D:3      | Reached skill level 3 in Short Blades
  2006 | D:3      | Reached skill level 7 in Stealth
  2006 | D:3      | Reached XP level 5. HP: 26/26 MP: 6/6
  2100 | D:3      | Reached skill level 2 in Dodging
  2552 | D:3      | Reached XP level 6. HP: 27/30 MP: 7/7
  2621 | D:4      | Noticed Natasha
  2817 | D:4      | Killed Natasha
  2895 | D:4      | Found a staircase to the Ecumenical Temple.
  2906 | Temple   | Entered the Ecumenical Temple
  3071 | D:4      | Noticed Natasha
  3082 | D:4      | Killed Natasha
  3107 | D:4      | Reached skill level 8 in Stealth
  3143 | D:4      | Reached XP level 7. HP: 32/34 MP: 8/8
  3191 | D:4      | Identified a wand of teleportation
  3306 | D:4      | Noticed Natasha
  3312 | D:4      | Killed Natasha
  3441 | D:5      | Entered Level 5 of the Dungeon
  3481 | D:5      | Noticed Menkaure
  3504 | D:5      | Killed Menkaure
  3504 | D:5      | Reached skill level 4 in Short Blades
  3504 | D:5      | Reached skill level 3 in Dodging
  3507 | D:5      | Reached skill level 9 in Stealth
  3630 | D:5      | Gained mutation: You have razor-sharp teeth. [Vine Stalker growth]
  3630 | D:5      | Reached XP level 8. HP: 34/38 MP: 9/9
  3676 | D:5      | Noticed Grinder
  3686 | D:5      | Killed Grinder
  3744 | D:5      | Reached skill level 5 in Short Blades
  3926 | D:5      | Reached skill level 4 in Dodging
  3957 | D:5      | Found a basalt altar of Yredelemnul.
  4385 | D:6      | Reached skill level 10 in Stealth
  4411 | D:6      | Reached skill level 2 in Throwing
  4521 | D:6      | Reached skill level 6 in Short Blades
  4548 | D:6      | Got a translucent hand axe
  4560 | D:6      | Noticed Pikel
  4560 | D:6      | Reached XP level 9. HP: 42/42 MP: 10/10
  4573 | D:6      | Killed Pikel
  4573 | D:6      | Reached skill level 3 in Throwing
  4616 | D:6      | Identified the cursed +1 hand axe of Gext {venom, +Blink rElec} (You found it on level 6 of the Dungeon)
  4937 | D:6      | Found Kuobbuxt's Magic Scroll Boutique.
  5152 | D:7      | Noticed Joseph
  5170 | D:7      | Reached skill level 5 in Dodging
  5182 | D:7      | Slain by Joseph

Vanquished Creatures
  Pikel (D:6)
  Grinder (D:5)
  Menkaure (D:5)
  A water moccasin (D:5)
  An orc warrior (D:7)
  A sky beast (D:6)
  A slave (D:6)
  3 ogres
  A centaur (D:3)
  A bullfrog (D:7)
  A water moccasin zombie (D:5)
  A scorpion (D:4)
  4 wights (D:6)
  2 bullfrog zombies
  A centaur zombie (D:5)
  A quasit (D:5)
  A centaur skeleton (D:5)
  4 hounds
  A jelly (D:6)
  An orc wizard (D:4)
  Jessica (D:2)
  Natasha (thrice) (D:4)
  3 worker ants (D:5)
  2 hound zombies
  Robin (D:2)
  7 adders
  3 shadow imps (D:5)
  2 oozes
  3 adder zombies (D:5)
  3 adder skeletons
  3 worms
  5 dart slugs
  7 leopard geckos
  7 orcs
  A giant cockroach (D:4)
  16 goblins
  6 hobgoblins
  A quokka (D:3)
  4 bats
  4 frilled lizards
  A giant cockroach zombie (D:5)
  A jackal skeleton (D:6)
  10 kobolds
  A leopard gecko zombie (D:5)
  6 rats (D:2)
130 creatures vanquished.

Vanquished Creatures (others)
  A slave (D:6)
  3 orcs (D:6)
4 creatures vanquished.

Grand Total: 134 creatures vanquished
